[Event "*** Titled Tuesday Blitz"]
[Site "Chess.com"]
[Date "2020.05.12"]
[Round "3"]
[White "Susal_De_Silva"]
[Black "Milchone1"]
[Result "1-0"]
[WhiteElo "2247"]
[BlackElo "2488"]
[TimeControl "180+1"]
[EndTime "10:28:52 PDT"]
[Termination "Susal_De_Silva won by checkmate"]

1. e4 e5 2. Nf3 Nc6 3. Bc4 Nf6 4. d3 h6 5. O-O d6 6. c3 g6 7. Re1 Bg7 8. a4 O-O 9. Nbd2 Nh5 10. Nf1 Kh7 11. d4 Bd7 12. Ng3 Nxg3 13. hxg3 Qe8 14.
dxe5 Nxe5 15. Nxe5 dxe5 16. Qb3 Rb8 17. Be3 b6 18.
Red1 Bc6 19. Bd5 a5 20. Bxc6 Qxc6 21. Qd5 Qxd5 22. Rxd5 Rfd8 23. Rad1 Rxd5 24. Rxd5 Kg8 25. Rd7 Rc8 26. b4 Bf8 27. bxa5 bxa5 28. Rd5 Bd6 29.
Rxa5 Rb8 30. Ra7 Kg7 31. a5 Rb3 32. a6 Rxc3 33. Ra8 Ra3 34. a7 c5 35. Rd8 Rxa7 36. Rxd6 Ra1+ 37. Kh2 c4 38. Rd5 f6 39. Rd7+ Kg8 40.
Bxh6 g5 41. Kh3 c3 42. Rc7 Rh1+ 43. Kg4 Rxh6 44. Rxc3 Rh2 45. Kf5 Rxg2 46. Kg6 Kf8 47. Rf3 Ke7 48. Rxf6 g4 49. Rf5 Ke6 50. Kg5 Rg1 51.
Kxg4 Re1 52. f3 Rh1 53. Rh5 Rg1 54. Rh6+ Kf7 55. Rh3 Kf6 56. Kh5 Ra1 57. g4 Ra8 58. g5+ Kg7 59. Kg4 Rf8 60. Rh6 Rf4+ 61. Kg3 Rf8 62. Re6 Ra8 63. Rxe5 Kg6 64. Kf4 Ra1 65. Re6+ Kf7 66. Rf6+ Kg7 67. Kf5 Rf1 68. f4 Rf2 69.
Ra6 Kg8 70. Ra7 Rf1 71. Kg6 Kf8 72. f5 Rh1 73. Kf6 Ke8 74. g6 Rg1 75. g7 Rg6+ 76.
fxg6 Kd8 77. g8=Q# 1-0

[Event "*** Titled Tuesday Blitz"]
[Site "Chess.com"]
[Date "2020.05.12"]
[Round "3"]
[White "LLRChess"]
[Black "Misticpikachu"]
[Result "1-0"]
[WhiteElo "2556"]
[BlackElo "2357"]
[TimeControl "180+1"]
[EndTime "10:28:53 PDT"]
[Termination "LLRChess won by resignation"]

1. Nf3 d5 2. g3 e6 3. Bg2 Nf6 4. O-O Be7 5. d3 O-O 6. a3 c5 7.
Nc3 Nc6 8. Bf4 Bd6 9. Bg5 h6 10.
Bxf6 Qxf6 11. e4 d4 12. Nb5 e5 13. a4 a6 14. Na3 Bg4 15. h3 Bh5 16. Nc4 Bc7 17.
g4 Bg6 18. Ne1 Qe6 19. Bh1 b5 20. Nd2 Rfb8 21. Ng2 c4 22. f4 exf4 23. Nxf4 Bxf4 24. Rxf4 Qd6 25. Qf1 cxd3 26. e5 Qxe5 27. Bxc6 Ra7 28.
cxd3 Rc7 29. Be4 Rc2 30. Rd1 bxa4 31. Bxg6 fxg6 32. Nc4 Qg5 33. Qf3 Re8 34. Re4 Rf8 35. Qg3 Rc1 36. Rxc1 Qxc1+ 37. Re1 Qc2 38. Rf1 Rxf1+ 39.
Kxf1 Qd1+ 40. Kf2 Qc2+ 41. Ke1 Qc1+ 42. Ke2 Qc2+ 43. Kf1 Qd1+ 44. Kg2 Qd2+ 45. Nxd2 1-0

[Event "*** Titled Tuesday Blitz"]
[Site "Chess.com"]
[Date "2020.05.12"]
[Round "3"]
[White "Unknown_IM"]
[Black "FeketeBarika"]
[Result "1-0"]
[WhiteElo "2525"]
[BlackElo "2303"]
[TimeControl "180+1"]
[EndTime "10:28:53 PDT"]
[Termination "Unknown_IM won on time"]

1. Nf3 e6 2. c4 d5 3. g3 Nf6 4. Bg2 c6 5. O-O Be7 6. b3 O-O 7. Bb2 Nbd7 8. e3 b6 9. Qe2 Bb7 10. Nc3 Rc8 11. Ne1 e5 12. d4 e4 13. f3 exf3 14. Nxf3 Re8 15. Rad1 Bb4 16. a3 Bxc3 17.
Bxc3 Ng4 18. Rd3 Ba6 19. Bd2 dxc4 20. Rc3 Ndf6 21. h3 Nh6 22. bxc4 Nf5 23. Be1 Ne4 24. Ne5 Nfxg3 25. Qf3 Nxf1 26. Qxe4 f6 27. Nxc6 Rxc6 28. Qxc6 Nxe3 29. Bf2 Nd1 30. Rd3 Nxf2 31. Kxf2 Qe7 32. Kg1 Kh8 33. Qf3 Bxc4 34. Rc3 b5 35. a4 a5 36. axb5 Bxb5 37. d5 a4 38. Qg3 Qa7+ 39. Kh2 Rd8 40. d6 Bd7 41. Rc7 Qd4 42.
Qe1 h5 43. Qe7 Qf4+ 44. Kg1 1-0

[Event "*** Titled Tuesday Blitz"]
[Site "Chess.com"]
[Date "2020.05.12"]
[Round "3"]
[White "Megagigahiper3345"]
[Black "secretsuperstar7"]
[Result "1-0"]
[WhiteElo "2497"]
[BlackElo "2210"]
[TimeControl "180+1"]
[EndTime "10:28:53 PDT"]
[Termination "Megagigahiper3345 won by resignation"]

1. d4 Nf6 2. c4 e6 3. Nf3 d5 4.
Nc3 Bb4 5. Qa4+ Nc6 6. e3 O-O 7. Qc2 dxc4 8. Bxc4 Re8 9. O-O h6 10. a3 Bd6 11. b4 e5 12. h3 exd4 13. exd4 Ne7 14. Nh4 Nc6 15. Bxh6 Ne4 16. Nxe4 Nxd4 17. Bxf7+ Kxf7 18. Qc4+ Ne6 19. Bg5 Qd7 20. Rad1 Qc6 21. Qxc6 bxc6 22. Rxd6 cxd6 23. Nxd6+ Kf8 24. Ng6+ Kg8 25.
Nxe8 Nxg5 26. Ne7+ Kf7 27. Nxc8 Kxe8 28. Nd6+ Ke7 29. Nf5+ Kf6 30. Nd4 Rc8 31. Rc1 Ke5 32.
Rxc6 Rd8 33. Nf3+ Nxf3+ 34. gxf3 Kf4 35. Kg2 Rd5 36. Ra6 Rg5+ 37. Kf1 Kxf3 38. Rxa7 g6 39. Rf7+ Ke4 40. Ke2 Rb5 41. Re7+ Kd4 42. Rd7+ Kc3 43. Rd3+ Kc4 44. Rg3 g5 45. Kf3 Rf5+ 46. Kg2 Kb5 47. Re3 Ka4 48. Kg3 Kb5 49. f3 Ka4 50. Kg4 Rb5 51.
h4 gxh4 52. Kxh4 Rd5 53. f4 Rd4 54. Kg5 Rd5+ 55. f5 Ra5 56. bxa5 1-0

[Event "*** Titled Tuesday Blitz"]
[Site "Chess.com"]
[Date "2020.05.12"]
[Round "3"]
[White "Yaacovn"]
[Black "gahryman"]
[Result "1-0"]
[WhiteElo "2848"]
[BlackElo "2634"]
[TimeControl "180+1"]
[EndTime "10:28:54 PDT"]
[Termination "Yaacovn won by resignation"]

1. d4 Nf6 2. Nf3 g6 3. e3 Bg7 4. Be2 d6 5. O-O O-O 6. b3 b6 7. Bb2 Bb7 8. c4 e6 9. Qc2 Nbd7 10. Nc3 Qe7 11. Rad1 Rad8 12. Qb1 a6 13. h3 c5 14.
Rd2 cxd4 15. Nxd4 Nc5 16. Bf3 Qc7 17. Rfd1 Rc8 18. Bxb7 Qxb7 19. Nf3 Nce4 20. Nxe4 Nxe4 21. Rd3 b5 22. Bxg7 Kxg7 23. Qa1+ Kg8 24. cxb5 axb5 25. Nd2 Nxd2 26. R3xd2 d5 27. Rc1 Rxc1+ 28. Qxc1 Rc8 29.
Rc2 Rxc2 30. Qxc2 b4 31. Qc5 h5 32. h4 Qa6 33. Qxb4 Qxa2 34. Qb8+ Kh7 35. b4 Qb1+ 36. Kh2 Qb2 37. Qf4 Kg8 38. Qb8+ Kg7 39. Kg3 Qc3 40.
b5 Qc4 41. b6 Qg4+ 42. Kh2 Qxh4+ 43. Kg1 Qb4 44. b7 Qe1+ 45. Kh2 Qxf2 46. Qf4 Qb2 47. b8=Q Qc3 48. Qbe5+ Qxe5 49. Qxe5+ Kg8 50. Kg3 Kf8 51.
Qd6+ Kg7 52. Kf4 Kf6 53. Qd8+ Kg7 54. Kg5 h4 55. Qf6+ Kg8 56. Kh6 1-0

[Event "*** Titled Tuesday Blitz"]
[Site "Chess.com"]
[Date "2020.05.12"]
[Round "3"]
[White "GregShahade"]
[Black "slowdgehammer"]
[Result "1/2-1/2"]
[WhiteElo "2560"]
[BlackElo "2382"]
[TimeControl "180+1"]
[EndTime "10:28:54 PDT"]
[Termination "Game drawn by agreement"]

1. e4 c5 2. Nf3 e6 3. d4 cxd4 4. Nxd4 Nf6 5. Nc3 Nc6 6. Ndb5 Bc5 7. Bf4 O-O 8. Bc7 Qe7 9. Bd6 Bxd6 10. Qxd6 Qd8 11.
O-O-O a6 12. Nd4 Qb6 13. f3 Ne8 14. Na4 Qa5 15. Nxc6 bxc6 16. Qd4 e5 17. Qc4 Rb8 18. Nc3 Qb6 19. b3 d6 20. Na4 Qc7 21. Be2 a5 22.
Rd2 Be6 23. Qc3 Nf6 24. Rhd1 Rfd8 25. Bc4 Bxc4 26. Qxc4 h6 27. g4 Rd7 28. h4 Rbd8 29.
g5 hxg5 30. hxg5 Nh5 31. g6 Nf6 32. Rh2 d5 33. gxf7+ Kxf7 34. exd5 cxd5 35. Qh4 Rc8 36. Rg1 Ke6 37. Qg5 Qa7 38. f4 Qd4 39. Nb2 Qxf4+ 40. Qxf4 exf4 41. Nd3 Kf5 42. Rhg2 Ne4 43. Rxg7 Rxg7 44. Rxg7 Rf8 45. Rd7 Ke6 46. Rh7 f3 47. Rh6+ Kd7 48. Rh5 Kd6 49. Rh6+ Kc7 50. Rh7+ Kc6 51.
Rh6+ Kb7 52. Rh7+ Kb6 53. Rh6+ Kc7 54. Rh7+ Kd8 55. Rh5 1/2-1/2

[Event "*** Titled Tuesday Blitz"]
[Site "Chess.com"]
[Date "2020.05.12"]
[Round "3"]
[White "Hadza_3"]
[Black "sandropozo"]
[Result "0-1"]
[WhiteElo "2360"]
[BlackElo "2559"]
[TimeControl "180+1"]
[EndTime "10:28:54 PDT"]
[Termination "sandropozo won on time"]

1. e4 e6 2. Nf3 d5 3. e5 Ne7 4. g3 c5 5. Bg2 Nbc6 6. O-O Ng6 7. Qe2 Qc7 8. Re1 Nd4 9. Nxd4 cxd4 10. d3 Bd7 11. c4 dxc4 12. dxc4 Bc6 13. b3 Rd8 14. Nd2 d3 15. Qe3 Bxg2 16. Kxg2 Bc5 17. Qg5 h6 18.
Qh5 Bd4 19. Rb1 Bxe5 20. Ne4 O-O 21. Ba3 Rfe8 22. Rbd1 Qa5 23. Bc1 Qxa2 24. Nc5 Bc3 25. Re3 Bd4 26. Rexd3 Qxf2+ 27. Kh1 Ne5 28. Ne4 Nxd3 29.
Nxf2 Nxf2+ 30. Kg2 Nxd1 31. Qxd1 Be3 32. Qc2 Bxc1 33.
Qxc1 Rd3 34. Qf4 Red8 35. b4 R3d4 36. Qc7 Rd2+ 37. Kh3 R2d7 38. Qc5 b6 39. Qc6 Rd6 40. Qc7 R6d7 41. Qc6 g5 42. Kg4 Kg7 43. Kh5 Rd2 44.
h3 R2d3 45. Qc7 R8d6 46. h4 gxh4 47. Kxh4 R6d4+ 48. Kh3 Re4 49. Qb8 Ree3 50. Kh4 Rxg3 0-1

[Event "*** Titled Tuesday Blitz"]
[Site "Chess.com"]
[Date "2020.05.12"]
[Round "3"]
[White "Kopytkin"]
[Black "robertofabregas"]
[Result "1-0"]
[WhiteElo "2335"]
[BlackElo "2096"]
[TimeControl "180+1"]
[EndTime "10:28:54 PDT"]
[Termination "Kopytkin won by resignation"]

1. e4 c5 2. d4 cxd4 3. c3 d3 4. Bxd3 Nc6 5. Be3 g6 6. Nd2 Bg7 7. f4 d6 8. Ngf3 Qc7 9. O-O Nf6 10. h3 O-O 11. Qe1 e5 12. Qh4 exf4 13. Bxf4 Nh5 14. Bh2 Bf6 15. Qf2 Bg7 16. Rae1 Be6 17. Ng5 Ne5 18. Bb1 Qd7 19. Qh4 Bf6 20. g4 h6 21.
Rxf6 hxg5 22. Qxg5 Nxf6 23. Qxf6 Qd8 24. Qf4 Qh4 25. Re3 Rae8 26. Kg2 Nc4 27. Nxc4 Bxc4 28. Bg3 Qe7 29. Qh6 Qf6 30. Rf3 Qg7 31. Qf4 Be6 32. Bh4 f6 33. Bg3 g5 34. Qd2 Qd7 35. b3 Bf7 36. c4 Bg6 37. Qd5+ Qf7 38. Qd4 Qh7 39. Bxd6 Rf7 40. Re3 Rd7 41. c5 Red8 42. Bd3 Qf7 43.
Bc4 Rxd6 44. Bxf7+ Bxf7 45. cxd6 Rd7 46. e5 fxe5 47.
Rxe5 1-0

[Event "*** Titled Tuesday Blitz"]
[Site "Chess.com"]
[Date "2020.05.12"]
[Round "3"]
[White "Elshan1985"]
[Black "ama18"]
[Result "1-0"]
[WhiteElo "2731"]
[BlackElo "2517"]
[TimeControl "180+1"]
[EndTime "10:28:55 PDT"]
[Termination "Elshan1985 won on time"]

1. d4 Nf6 2. Bg5 e6 3. Nd2 d5 4. e3 c5 5. c3 Nc6 6. f4 h6 7.
Bh4 Be7 8. Ngf3 Ne4 9. Bxe7 Qxe7 10. Bd3 f5 11. O-O O-O 12. Bb5 Nd8 13. Ne5 Qf6 14.
Bd3 cxd4 15. exd4 Nf7 16. Ndf3 g5 17. Nxf7 Rxf7 18. Ne5 Rg7 19. Bxe4 dxe4 20. Qd2 Bd7 21. Rae1 g4 22. c4 Rd8 23. Qe3 Be8 24. Rd1 h5 25. Rd2 h4 26. Rfd1 Bh5 27. Rc1 Rc7 28. b3 b6 29. g3 hxg3 30. hxg3 Rh7 31. Rh2 Kg7 32. Kf2 Rdh8 33. Rch1 Be8 34. Rxh7+ Rxh7 35. Rxh7+ Kxh7 36. Kg1 Qe7 37. Qd2 Kg7 38. Kf1 Qa3 39.
Ke1 Qf8 40. Kd1 Qh8 41. Kc2 Qh3 42. Qc3 Qg2+ 43. Kb1 Qf1+ 44. Kb2 Qf2+ 45. Ka3 Kg8 46.
b4 e3 47. d5 exd5 48. Qd4 dxc4 49. Qd8 Kf8 50. Qf6+ Kg8 51. Qe6+ Kf8 52. Qxf5+ Kg8 53. Qe6+ Kf8 54. Qf6+ Kg8 55. Qe7 1-0

[Event "*** Titled Tuesday Blitz"]
[Site "Chess.com"]
[Date "2020.05.12"]
[Round "3"]
[White "manitodeplomo"]
[Black "Oligan22"]
[Result "1-0"]
[WhiteElo "2605"]
[BlackElo "2393"]
[TimeControl "180+1"]
[EndTime "10:28:55 PDT"]
[Termination "manitodeplomo won on time"]

1. d4 d5 2. c4 dxc4 3. Nf3 a6 4.
a4 Nf6 5. e3 Bg4 6. Bxc4 e6 7.
h3 Bh5 8. Qb3 Bxf3 9. gxf3 Nc6 10. Be2 Nb4 11. a5 Qd5 12. Qd1 c5 13. Nc3 Qd7 14. Na4 Rd8 15. dxc5 Qxd1+ 16. Bxd1 Nd3+ 17. Ke2 Nxc5 18. e4 e5 19. Be3 Ne6 20. Bb3 Nd4+ 21. Bxd4 exd4 22. Rhd1 Bb4 23. Rac1 Bxa5 24. Nc5 b6 25. Nxa6 O-O 26. Nc7 h6 27. Nb5 Nh5 28. Nxd4 Nf4+ 29. Kf1 Nxh3 30. Nc6 Rxd1+ 31. Rxd1 Nf4 32.
Rd7 Ng6 33. Ke2 Nf4+ 34. Ke3 Ng2+ 35. Kd4 Be1 36. Ne5 Bxf2+ 37. Kc3 Kh7 38. Bxf7 Nh4 39.
Bd5 Bg3 40. Kd4 Nxf3+ 41. Nxf3 Rxf3 42. e5 Rf2 43. Be4+ Kg8 44. Bg6 Rd2+ 45. Bd3 Kf8 46. Ke3 Rd1 47. Ke2 Re1+ 48. Kf3 Bxe5 49. Bg6 Re2 50. Kxe2 1-0

[Event "*** Titled Tuesday Blitz"]
[Site "Chess.com"]
[Date "2020.05.12"]
[Round "3"]
[White "Everyfishknows"]
[Black "Margarita2907"]
[Result "0-1"]
[WhiteElo "2382"]
[BlackElo "2007"]
[TimeControl "180+1"]
[EndTime "10:28:56 PDT"]
[Termination "Margarita2907 won on time"]

1. e4 c5 2. Nf3 d6 3. c3 g6 4. d4 cxd4 5. cxd4 Bg7 6. Nc3 e6 7.
Bd3 Ne7 8. O-O O-O 9. Bf4 Nbc6 10. d5 exd5 11. exd5 Nb4 12. Bc4 Bf5 13. a3 Na6 14. Rc1 Rc8 15. Qe2 Nc5 16. Rfe1 b6 17. Qxe7 Qxe7 18.
Rxe7 Bd3 19. Ba2 Bf5 20. Bxd6 Nd3 21. Rf1 Nxb2 22. Nb5 Bd3 23. Nxa7 Rcd8 24. Bc7 Ra8 25. Bxb6 Bxf1 26. Kxf1 Rfb8 27. Be3 Na4 28. d6 Nc3 29. Bxf7+ Kh8 30. g3 Rb1+ 31. Kg2 Nd1 32. Re8+ Rxe8 33. Bxe8 Nxe3+ 34. fxe3 Bf6 35. Nc6 Rd1 36. d7 Kg7 37. e4 Kf8 38. e5 Be7 39. e6 Bf6 0-1

[Event "*** Titled Tuesday Blitz"]
[Site "Chess.com"]
[Date "2020.05.12"]
[Round "3"]
[White "chesstatour"]
[Black "PetrolulSah"]
[Result "0-1"]
[WhiteElo "1929"]
[BlackElo "2287"]
[TimeControl "180+1"]
[EndTime "10:28:56 PDT"]
[Termination "PetrolulSah won on time"]

1. c4 Nf6 2. Nc3 e5 3. g3 Nc6 4.
Bg2 g6 5. Nf3 Bg7 6. O-O O-O 7.
d4 exd4 8. Nxd4 Re8 9. Bf4 Ne5 10.
b3 d6 11. Rc1 a6 12. Qd2 Rb8 13. Rfd1 Bg4 14. f3 Bd7 15. Bg5 Nc6 16. Nd5 Nxd4 17. Qxd4 Re5 18. f4 Rxg5 19. fxg5 Nxd5 20. Qxd5 Bc6 21. Qd2 Bxg2 22. Kxg2 Qd7 23. Qf4 Re8 24. Rd2 Qc6+ 25. Qf3 Re4 26. Rf1 Qe8 27. Rf2 Re3 28. Qg4 h5 29. gxh6 Bxh6 30. Rd3 Qc6+ 31. Kh3 Kg7 32.
Rxe3 Bxe3 33. Rf3 Bc5 34. Qf4 Qe8 35. e4 Qe6+ 36. Kg2 Bd4 37. g4 Be5 38. Qg5 Bd4 39.
Qf4 Be5 40. Qg5 b5 41. h3 bxc4 42. bxc4 Qxc4 43. Qe3 Qxa2+ 44. Rf2 Qe6 45. Qf3 Qc4 46. h4 a5 47. g5 a4 48. h5 gxh5 49. Qf5 Qb3 50.
g6 Qg3+ 51. Kf1 Qxg6 52. Qxg6+ fxg6 53. Ra2 g5 54. Rxa4 c5 55. Ke2 g4 56. Kf2 Kg6 57.
Ra8 Kg5 58. Ke3 h4 59. Rg8+ Kh5 0-1

[Event "*** Titled Tuesday Blitz"]
[Site "Chess.com"]
[Date "2020.05.12"]
[Round "3"]
[White "Blitzking642"]
[Black "NefeLV"]
[Result "1-0"]
[WhiteElo "2270"]
[BlackElo "1794"]
[TimeControl "180+1"]
[EndTime "10:28:56 PDT"]
[Termination "Blitzking642 won by resignation"]

1. d4 d5 2. c4 Nf6 3. cxd5 Nxd5 4. e4 Nb6 5. Nc3 e6 6. Nf3 c5 7. d5 exd5 8. exd5 Bg4 9. Be2 N8d7 10. h3 Bh5 11. Bf4 Be7 12. O-O O-O 13. Ne4 f5 14.
Neg5 Bxg5 15. Nxg5 Bxe2 16. Qxe2 Re8 17. Qh5 Nf6 18.
Qf7+ Kh8 19. Qxb7 Re7 20. Nf7+ Rxf7 21. Qxf7 Qxd5 22. Qxd5 Nfxd5 23. Bd6 c4 24. Rad1 Kg8 25. Rfe1 Kf7 26. Re5 Nf6 27. Rxf5 Rd8 28. Rd4 Kg6 29. Rf3 Nbd5 30. Be7 Re8 31. Bxf6 Re1+ 32. Kh2 Nxf6 33. Rxc4 Re2 34. Rb4 Ne4 35. a4 Nxf2 36. Rg3+ Kh5 37. Rf3 Ne4 38. Rb5+ g5 39. Re5 Nc3 40. Rxe2 Nxe2 41.
g4+ Kg6 42. b4 Nd4 43. Rd3 Ne2 44. b5 Nf4 45. Rd6+ Kf7 46. a5 Ke7 47. Rh6 Ne2 48. b6 Kd7 49. bxa7 Nd4 50. a8=Q 1-0

[Event "*** Titled Tuesday Blitz"]
[Site "Chess.com"]
[Date "2020.05.12"]
[Round "3"]
[White "PavelShkapenko"]
[Black "alishersuleymenov"]
[Result "1-0"]
[WhiteElo "2638"]
[BlackElo "2816"]
[TimeControl "180+1"]
[EndTime "10:28:57 PDT"]
[Termination "PavelShkapenko won by resignation"]

1. e4 c5 2. c3 Nf6 3. e5 Nd5 4.
d4 cxd4 5. cxd4 e6 6. Nc3 Nxc3 7. bxc3 b6 8. f4 Bb7 9. Nf3 Be7 10. Bd3 d6 11. O-O Nd7 12. Bd2 g6 13. Qe1 O-O 14. Qg3 Kh8 15. c4 Bxf3 16. Qxf3 Rc8 17. Bc3 dxe5 18.
fxe5 b5 19. c5 b4 20. Bb2 Kg8 21. Kh1 Nb8 22. Be4 a5 23. Rad1 Qc7 24. Bc1 Kg7 25. Qh3 h5 26. Qe3 Rh8 27. Qg3 Rcf8 28. d5 exd5 29.
Rxd5 Rhg8 30. Bb2 Kh6 31. Qe3+ Bg5 32. Qh3 Nc6 33. Rd6 Nxe5 34. Bxe5 Qxc5 35. Rd5 Qc4 36. Qf3 f5 37. Bd3 Qxa2 38. Bf4 Bxf4 39. Qxf4+ Kg7 40.
Rd7+ Rf7 41. Qd4+ Kh6 42. Rxf7 Qxf7 43. Bc4 Qf8 44. Qd2+ Kh7 45. Bxg8+ Qxg8 46. Qd7+ Kh6 47. Qd2+ Kh7 48. Rc1 Qe6 49. Rc7+ 1-0

[Event "*** Titled Tuesday Blitz"]
[Site "Chess.com"]
[Date "2020.05.12"]
[Round "3"]
[White "kuba2006"]
[Black "praveenb2002"]
[Result "0-1"]
[WhiteElo "2426"]
[BlackElo "2726"]
[TimeControl "180+1"]
[EndTime "10:28:57 PDT"]
[Termination "praveenb2002 won on time"]

1. e4 e5 2. Nf3 Nc6 3. Bb5 a6 4. Ba4 Nf6 5. O-O b5 6. Bb3 Bc5 7. Qe2 d6 8. c3 O-O 9. Rd1 Bg4 10. d3 h6 11. Nbd2 Re8 12. Nf1 Qd7 13. Ng3 Bb6 14.
h3 Be6 15. Bxe6 Qxe6 16. Nf5 d5 17. N3h4 Rad8 18. Bd2 Ne7 19. Nxe7+ Rxe7 20. Be3 Red7 21. Bxb6 Qxb6 22. exd5 Rxd5 23. Rd2 Qd6 24. Rad1 c5 25. Nf5 Qd7 26. Ne3 Rd6 27. Nf1 Qf5 28. Ng3 Qf4 29.
Qe3 Nd5 30. Qe4 g6 31. Qxf4 Nxf4 32. Ne4 Rxd3 33. Rxd3 Rxd3 34. Rxd3 Nxd3 35. Kf1 f5 36. Nd6 Nxb2 37. Ke2 Kf8 38. Nb7 Na4 39. Na5 Nxc3+ 40. Kd3 Nxa2 41. Kc2 Nb4+ 42. Kc3 Nd5+ 43. Kd3 Nf4+ 44.
Kd2 Nxg2 45. Nb7 c4 46. Nc5 Nf4 47. Nd7+ Kg7 48. Nxe5 Nxh3 49. Nc6 Nxf2 50. Nb4 Ne4+ 51. Ke3 a5 52. Nc6 a4 53. Nd4 b4 54. Nc2 b3 55.
Na3 c3 56. Kd3 h5 0-1

[Event "*** Titled Tuesday Blitz"]
[Site "Chess.com"]
[Date "2020.05.12"]
[Round "3"]
[White "AlexZambrano"]
[Black "m-garcett"]
[Result "1-0"]
[WhiteElo "2292"]
[BlackElo "1988"]
[TimeControl "180+1"]
[EndTime "10:28:57 PDT"]
[Termination "AlexZambrano won on time"]

1. Nf3 Nf6 2. d4 g6 3. g3 Bg7 4.
Bg2 d6 5. O-O O-O 6. c4 Nbd7 7.
e4 e5 8. dxe5 dxe5 9. Nc3 c6 10.
Bg5 h6 11. Be3 Ng4 12. Bd2 Nc5 13. Qe2 Qc7 14. Rad1 Ne6 15. h3 Nd4 16. Nxd4 exd4 17. hxg4 dxc3 18. Bxc3 Bxc3 19. bxc3 Qe5 20. Qe3 Bxg4 21.
f3 Be6 22. Qxh6 Bxc4 23. Rfe1 Rad8 24. Kh2 Qxc3 25. Rc1 Qd4 26. Red1 Qxd1 27. Rxd1 Rxd1 28. a3 Rfd8 29. f4 R8d2 30. Kh3 Be6+ 31. f5 gxf5 32.
Qg5+ Kf8 33. exf5 Bd5 34. Qh6+ Ke7 35. f6+ Kd7 36. Bxd5 Rxd5 37. Qe3 R5d3 38. Qe7+ Kc8 39. Qxf7 Rd7 40. Qe8+ Kc7 41. f7 Rf1 42. f8=Q Rh7+ 43.
Kg2 Rxf8 44. Qxf8 Rd7 45. Qf4+ Kb6 46. Qb4+ Kc7 47. g4 b6 48. g5 1-0

[Event "*** Titled Tuesday Blitz"]
[Site "Chess.com"]
[Date "2020.05.12"]
[Round "3"]
[White "Indianlad"]
[Black "Blitzstream"]
[Result "0-1"]
[WhiteElo "2927"]
[BlackElo "2675"]
[TimeControl "180+1"]
[EndTime "10:28:58 PDT"]
[Termination "Blitzstream won by resignation"]

1. Nf3 d5 2. e3 Nf6 3. c4 c6 4. Nc3 e6 5. b3 Nbd7 6. Bb2 Bd6 7.
Qc2 O-O 8. d4 Qe7 9. Be2 Re8 10.
O-O dxc4 11. Bxc4 b5 12. Bd3 Bb7 13. e4 e5 14. Ne2 Rad8 15. a4 b4 16. dxe5 Nxe5 17.
Nxe5 Bxe5 18. Bxe5 Qxe5 19. f4 Qa5 20. e5 Ng4 21.
Bxh7+ Kh8 22. Qf5 Nh6 23. Qc2 Qb6+ 24. Kh1 Qe3 25. Qe4 Qxb3 26. Rab1 Qa2 27. Nc1 Qxa4 28. Nb3 Ba6 29. Nc5 Qa5 30. Nxa6 Qxa6 31. Qc2 c5 32. Be4 Qb6 33. Rfc1 Rc8 34. Qc4 Red8 35. Bd5 Ng4 36.
Bxf7 Qh6 37. h3 Qh4 38. Qe2 Nh6 39. Bc4 Nf5 40. Qg4 Qxg4 41. hxg4 Ne3 42. Bf7 c4 43. e6 b3 44. e7 Re8 45. Bxe8 Rxe8 46. Rc3 Rxe7 47.
Re1 a5 48. Rxc4 Nxc4 49. Rxe7 b2 50. Rb7 a4 51. f5 a3 52. f6 gxf6 0-1

[Event "*** Titled Tuesday Blitz"]
[Site "Chess.com"]
[Date "2020.05.12"]
[Round "3"]
[White "Orest_Vovk"]
[Black "Zurability"]
[Result "1-0"]
[WhiteElo "2427"]
[BlackElo "2645"]
[TimeControl "180+1"]
[EndTime "10:28:58 PDT"]
[Termination "Orest_Vovk won by resignation"]

1. e4 c5 2. Be2 Nc6 3. f4 g6 4. Nf3 Bg7 5. d3 d6 6. c3 Nf6 7. O-O O-O 8. h3 c4 9. Be3 cxd3 10. Bxd3 Nd7 11. Nbd2 Nc5 12. Bc2 b6 13. Nb3 Bb7 14. Nxc5 bxc5 15. Qd2 Qa5 16. f5 Rab8 17. Bh6 Ba6 18.
fxg6 hxg6 19. Rfb1 Qb5 20. Qg5 c4 21. Qh4 Bxh6 22.
Qxh6 Qh5 23. Qxh5 gxh5 24. b4 cxb3 25. axb3 Bc8 26. Nd4 Ne5 27. Rxa7 e6 28. Rba1 Bb7 29. R1a5 Rfc8 30. c4 Rc5 31. Rb5 Rxb5 32. Nxb5 Nc6 33. Ra1 Nb4 34. Bb1 Rd8 35. Ra7 Bc6 36. Ra4 d5 37.
exd5 exd5 38. Rxb4 d4 39. Bd3 Re8 40. Nxd4 Bd7 41.
Bf5 Bxf5 42. Nxf5 Re5 43. Rb5 Re1+ 44. Kf2 Rb1 45. Ne3 Rb2+ 46. Kf3 Kg7 47. Rxh5 Rb1 48. Rb5 Kg6 49. c5 Rc1 50. Rb6+ Kg7 51. c6 Rc3 52. b4 Kf8 53. b5 Ke8 54. Rb8+ Ke7 55.
Rb7+ Kd6 56. c7 Rb3 57. b6 Kd7 58. Rb8 Rc3 59. Rd8+ Ke7 60. c8=Q Rxc8 61. Rxc8 Kd7 62. b7 1-0

[Event "*** Titled Tuesday Blitz"]
[Site "Chess.com"]
[Date "2020.05.12"]
[Round "3"]
[White "Harsha_Bharathakoti"]
[Black "Godzillator"]
[Result "0-1"]
[WhiteElo "2801"]
[BlackElo "2455"]
[TimeControl "180+1"]
[EndTime "10:28:59 PDT"]
[Termination "Godzillator won by resignation"]

1. Nf3 d5 2. c4 c6 3. d4 Nf6 4. Nc3 a6 5. Qc2 e6 6. e4 dxe4 7. Nxe4 Nxe4 8. Qxe4 Nd7 9. Bd2 Nf6 10. Qh4 c5 11. Bc3 cxd4 12. Nxd4 Be7 13. Rd1 Qc7 14. Qg3 Qxg3 15. hxg3 Ne4 16. Ba5 e5 17. Nb3 Be6 18.
Bd3 Nc5 19. Nxc5 Bxc5 20. Bc3 f6 21. b4 Bb6 22. c5 Bc7 23. Be4 Rb8 24. a4 Ke7 25. b5 axb5 26. axb5 f5 27. Bd5 Bxd5 28. Rxd5 Ke6 29. Rd1 Rbc8 30. Ke2 g6 31. Bb4 h5 32.
Ra1 Bb8 33. Ra8 Rhd8 34. Rd1 Rxd1 35. Kxd1 Kd7 36. Kc2 e4 37. Kb3 Kc7 38. Kc4 Re8 39. Ba5+ Kc8 40. c6 bxc6 41. bxc6 Re6 42. c7 Rc6+ 43.
Kd5 Rxc7 44. Bxc7 Kxc7 45. Ke6 Kb7 46. Rxb8+ Kxb8 47. Kf6 h4 48. gxh4 f4 49. Kxg6 e3 50.
h5 e2 51. h6 e1=Q 52. h7 Qe6+ 53. Kg7 Qg4+ 54. Kf7 Qh5+ 55. Kg7 Qg5+ 56. Kf7 Qh6 57. Kg8 Qg6+ 58. Kh8 Qxg2 59. f3 Qxf3 0-1

[Event "*** Titled Tuesday Blitz"]
[Site "Chess.com"]
[Date "2020.05.12"]
[Round "3"]
[White "SirMittensofMittensville"]
[Black "ljuks68"]
[Result "1-0"]
[WhiteElo "2571"]
[BlackElo "2376"]
[TimeControl "180+1"]
[EndTime "10:28:59 PDT"]
[Termination "SirMittensofMittensville won on time"]

1. e4 e6 2. d4 d5 3. e5 c5 4. Nf3 Nc6 5. Bd3 Nxd4 6. Nxd4 cxd4 7. O-O Ne7 8. Bf4 Nc6 9. Nd2 Bd7 10. Nf3 Qb6 11. Rb1 f6 12. Re1 g5 13. Bg3 g4 14.
Nh4 Nxe5 15. Rxe5 fxe5 16. Bxe5 Rg8 17. Bxd4 Qd8 18. Bxh7 Qxh4 19. Bxg8 O-O-O 20. Be5 Bc5 21. Bg3 Qh5 22. b4 Bb6 23. Qd3 Rxg8 24. Qc3+ Kd8 25. Qf6+ Ke8 26. Re1 Qf7 27. Qe5 Rf8 28. Qb8+ Bd8 29.
Qxb7 Qe7 30. Qb8 Rf5 31. Bd6 Qf6 32. Qxa7 e5 33. Qc5 e4 34. Bg3 Be7 35. Qa5 Bd6 36. Bxd6 Qxd6 37. c3 Qf6 38. Qc5 Kf7 39. a3 Be6 40. Qe3 Qe5 41. a4 Bd7 42. a5 Bb5 43. Ra1 Ba6 44. Qa7+ Kg8 45. Qxa6 Qf4 46. Qe2 Qe5 47. Qe3 Rf7 48. a6 Rf3 49. gxf3 gxf3 50. Kh1 Kf7 51. Rg1 Qf5 52. a7 1-0

[Event "*** Titled Tuesday Blitz"]
[Site "Chess.com"]
[Date "2020.05.12"]
[Round "3"]
[White "Kimster98"]
[Black "MattyDPerrine"]
[Result "1-0"]
[WhiteElo "2559"]
[BlackElo "2361"]
[TimeControl "180+1"]
[EndTime "10:28:59 PDT"]
[Termination "Kimster98 won by resignation"]

1. d4 Nf6 2. Nf3 c5 3. c4 cxd4 4. Nxd4 e5 5. Nb5 d5 6. cxd5 Bc5 7. N5c3 O-O 8. g3 e4 9. Bg2 Re8 10. O-O Bf5 11. Nd2 e3 12. fxe3 Bxe3+ 13. Kh1 Qc8 14.
Nc4 Qxc4 15. Rxf5 Ng4 16. d6 Nf2+ 17. Rxf2 Bxf2 18. Bxb7 Nc6 19. Qd5 Qxd5+ 20. Nxd5 Rad8 21. Bxc6 Re6 22. Bf4 g5 23. Bxg5 Rdxd6 24. Ne7+ Rxe7 25.
Bxe7 Rxc6 26. Kg2 Bd4 27. Rb1 Rc2 28. Kf3 Bxb2 29. a4 a6 30. Rd1 Rc4 31. a5 Bc3 32. Bd8 Ra4 33. Rd5 f6 34. Rd6 Be5 35. Rxa6 Kf7 36.
Ra7+ Kg6 37. Bb6 Kf5 38. e3 Ra3 39. h3 h6 40. g4+ Kg6 41. Bd4 Bxd4 42. Re7 Bc3 43.
a6 Rxa6 44. h4 Ra3 45. h5+ Kg5 46. Rg7+ Kh4 47. Rg6 Be5 48. Rxh6 Ra2 49. Rg6 Rh2 50. h6 Rh3+ 51. Ke4 Rg3 52. h7 f5+ 53. gxf5 Rxg6 54. fxg6 Bg7 55. Kf5 Kh5 56. e4 Bh8 57. e5 Kh6 58. e6 1-0